 Dungeon Crawl Stone Soup version 0.30.0-29-ga12c61a403 (webtiles) character file.

Game seed: 1645363595070087915

117 cheesebisquit the Chopper (level 4, 0/41 HPs)
             Began as a Minotaur Berserker on June 10, 2023.
             Was a Priest of Trog.
             Slain by an orc priest
             ... wielding a +0 mace
              (3 damage)
             ... on level 4 of the Dungeon.
             The game lasted 00:09:06 (2167 turns).

cheesebisquit the Chopper (Minotaur Berserker)      Turns: 2167, Time: 00:09:07

Health: 0/41       AC:  6    Str: 23    XL:     4   Next: 71%
Magic:  0/3        EV: 10    Int:  4    God:    Trog [***...]
Gold:   28         SH:  6    Dex: 10    Spells: 3/3 levels left

rFire   . . .        s - +0 war axe
rCold   . . .        j - +0 kite shield
rNeg    . . .        b - +0 animal skin
rPois   .            (helmet restricted)
rElec   .            (no cloak)
rCorr   .            (no gloves)
SInv    .            (no boots)
Will    +....        l - amulet of guardian spirit
Stlth   +            e - ring of willpower
HPRegen 0.26/turn    o - +4 ring of protection
MPRegen 0.08/turn

%: guardian spirit
@: no status effects
A: horns 2, retaliatory headbutt
a: Renounce Religion, Berserk, Trog's Hand


You were on level 4 of the Dungeon.
You worshipped Trog.
Trog was most pleased with you.
You visited 1 branch of the dungeon, and saw 4 of its levels.

You collected 200 gold pieces.
You spent 172 gold pieces at shops.

Inventory:

Hand Weapons
 a - the +3 whip "Cid Fem" {freeze, rF- Dex+9 SInv}
   (You found it on level 4 of the Dungeon)

   Dex:       It affects your dexterity (+9).
   rF:        It makes you vulnerable to fire.
   SInv:      It lets you see invisible.
 s - a +0 war axe (weapon)
Armour
 b - a +0 animal skin (worn)
 j - a +0 kite shield (worn)
Jewellery
 e - a ring of willpower (left hand)
 l - an amulet of guardian spirit (around neck)
 o - a +4 ring of protection (right hand)
Scrolls
 c - a scroll of fog {unknown}
 g - a scroll of blinking
 n - a scroll of torment {unknown}
 r - a scroll of enchant weapon {unknown}
 t - a scroll of magic mapping {unknown}
 u - a scroll of teleportation
Potions
 d - a potion of berserk rage
 f - a potion of lignification
 h - a potion of flight
 i - a potion of resistance
 k - a potion of attraction
 m - 3 potions of curing
 p - a potion of degeneration {unknown}
 q - a potion of magic {unknown}


   Skills:
 + Level 4.5 Fighting
 * Level 5.4 Axes
 + Level 3.6 Armour
 - Level 2.1 Dodging


You had 3 spell levels left.
You didn't know any spells.
Your spell library was empty.

Dungeon Overview and Level Annotations

Branches:
Dungeon (4/15)
 Temple: D:4-7

Altars:
Fedhas

Shops:
D:3 ?:*([


Innate Abilities, Weirdness & Mutations

You have a pair of horns on your head.
You reflexively headbutt those who attack you in melee.


Message History

The magic dart hits you.
You slash the orc!
You kill the orc!
Trog accepts your kill.
You hit the orc priest. You hit the goblin but do no damage.
You barely miss something.
The orc priest looks encouraged for a moment.
Something hits you but does no damage. The goblin hits you with a +0 club.
You barely miss the orc priest.
The orc priest is moderately wounded.
You slash the goblin!
You kill the goblin!
Trog accepts your kill.
You closely miss something. The orc priest hits you with a +0 mace.
Something hits you but does no damage.
You hear some strange, mumbled words.
A puff of flame appears from out of thin air!
The puff of flame hits you! The orc closely misses you.
The orc priest completely misses you. You furiously retaliate!
You headbutt the orc priest.
You are too injured to fight recklessly!
You are too injured to fight recklessly!
You closely miss the orc priest.
The orc priest is severely wounded.
You closely miss the orc. You miss something.
The orc priest hits you but does no damage.
The orc hits you with a +0 hand axe.
* * * LOW HITPOINT WARNING * * *
Something hits you.
You closely miss the orc priest. Your headbutt misses the orc priest.
The orc priest is severely wounded.
You completely miss the orc. You barely miss something.
The orc priest hits you with a +0 mace.
* * * LOW HITPOINT WARNING * * *
The orc hits you with a +0 hand axe.
* * * LOW HITPOINT WARNING * * *
Something hits you.
* * * LOW HITPOINT WARNING * * *
The orc misses you. The orc priest hits you with a +0 mace.
You die...

............###....PPPP
...######....##....P_..
........##...##...PPPPP
........##...##....PP..
#.......##...##########.
.......................+
......####............#
......####......)o...###
.?....+.........@o......
......###########{......
..†...... .......
.......... .......
.##....... ....$..
.......... .......
.#........ .......
......... .......
#........


You could see an orc priest and an orc.

Vanquished Creatures
  4 adders
  An ufetubus (D:4)
  2 worms (D:2)
  A dart slug (D:4)
  2 orcs
  7 endoplasms
  2 giant cockroaches (D:2)
  6 goblins
  8 hobgoblins
  4 jackals (D:4)
  A quokka (D:1)
  3 ball pythons
  8 bats
  5 frilled lizards
  7 kobolds
  3 rats
64 creatures vanquished.

Notes
Turn   | Place    | Note
-------+----------+-------------------------------------------
     0 | D:1      | cheesebisquit the Minotaur Berserker began the quest for
                  | the Orb.
     0 | D:1      | Reached XP level 1. HP: 19/19 MP: 0/0
   116 | D:1      | Reached skill level 4 in Axes
   146 | D:1      | Reached XP level 2. HP: 27/27 MP: 1/1
   464 | D:1      | Reached ** piety under Trog
   678 | D:2      | Reached XP level 3. HP: 33/33 MP: 2/2
  1015 | D:2      | Reached XP level 4. HP: 38/40 MP: 3/3
  1150 | D:3      | Found Xuewni's Assorted Antiques.
  1155 | D:3      | Bought a war axe for 73 gold pieces
  1212 | D:3      | Found Wuvoj's Weapon Shoppe.
  1223 | D:3      | Reached skill level 5 in Axes
  1267 | D:3      | Found Ytteom's Armour Boutique.
  1432 | D:3      | Found Gylim's Book Shoppe.
  2031 | D:3      | Found Zyweiq's Magic Scroll Shoppe.
  2039 | D:3      | Bought a scroll of teleportation for 33 gold pieces
  2039 | D:3      | Bought a scroll of identify for 22 gold pieces
  2039 | D:3      | Bought a scroll of identify for 22 gold pieces
  2039 | D:3      | Bought a scroll of identify for 22 gold pieces
  2115 | D:4      | Identified the +3 whip "Cid Fem" {freeze, rF- Dex+9 SInv}
  2133 | D:4      | Found a blossoming altar of Fedhas.
  2162 | D:4      | Reached *** piety under Trog
  2167 | D:4      | Slain by an orc priest

Illustrated notes

Levels and vault maps discovered:
D:1:      dpeg_arrival_triangle_fractal, layout_rooms, minmay_pentomino_t4
D:2:      layout_rooms
D:3:      layout_basic, serial_shops, shop, nicolae_shop_tiny_statue_garden,
          nicolae_shop_just_a_little_nook, nicolae_shop_tiny_glass,
          nicolae_shop_hallway_plus
D:4:      layout_basic, grunt_temple_overflow_forces_of_nature,
          mainiacjoe_overflow_six_doors_small

Skill      XL: |  1  2  3  4 |
---------------+-------------+-----
Axes           | 4 5 |  5.4
Fighting       | 4 |  4.5
Armour         | 3 |  3.6
Dodging        | |  2.1

Action                     |  1- 3 |  4- 6 || total
---------------------------+-------+-------++-------
  Melee: Hand axe          |    85 |       ||    85
         Headbutt          |    16 |     7 ||    23
         War axe           |       |    32 ||    32
    Use: Scroll            |       |     8 ||     8
   Stab: Sleeping          |     3 |       ||     3
 Armour: Animal skin       |    11 |    12 ||    23
  Dodge: Dodged            |    54 |    20 ||    74
  Block: Buckler           |    10 |     1 ||    11
         Kite shield       |       |     6 ||     6
